General information
- name: BNet
- type: Ladder team game (AT/RT)
- host: Battle.net
- saver: LikeURDaWorst
map: Feralas
- players: 8
- length: 38:58
- speed: Fast
- version: 1.26 W3XP
- replay type: Public
» download(237 KB)
Players
team 1 (winner)

»
nonoobsplz (
green | 105 APM | 3166 actions | 30:14)
4 Archmage
2 Summon Water Elemental
2 Brilliance Aura
2 Mountain King
1 Thunder Clap
1 Storm Bolt
2 Paladin
1 Holy Light
1 Divine Shield
» actions
| Assign group hotkey | 71 | |
| Basic commands | 328 | |
| Build / train | 139 | |
| ESC pressed | 1 | |
| Enter build submenu | 23 | |
| Enter hero's abilities submenu | 8 | |
| Give item / drop item | 4 | |
| Remove unit from queue | 2 | |
| Right click | 974 | |
| Select / deselect | 235 | |
| Select group hotkey | 1104 | |
| Use ability | 277 | |
3166 total
» units
| Peasant | 30 | |
| Footman | 11 | |
| Dragonhawk Rider | 8 | |
| Knight | 5 | |
54 total
» upgrades
| Cloud | 1 | |
| Animal War Training | 1 | |
| Swords | 1 | |
| Armor | 1 | |
4 total
» buildings
| Farm | 14 | |
| Altar of Kings | 1 | |
| Barracks | 1 | |
| Town Hall | 2 | |
| Scout Tower | 16 | |
| Arcane Tower | 3 | |
| Lumber Mill | 1 | |
| Arcane Vault | 2 | |
| Keep | 4 | |
| Guard Tower | 17 | |
| Blacksmith | 1 | |
| Castle | 5 | |
| Gryphon Aviary | 2 | |
69 total
» build order
00:08 Farm
00:11 Altar of Kings
00:20 Farm
00:24 Barracks
01:30 Farm
03:10 Town Hall
03:55 Scout Tower
04:18 Arcane Tower
04:18 Arcane Tower
04:18 Arcane Tower
04:32 Farm
04:33 Farm
04:34 Farm
04:41 Lumber Mill
04:54 Arcane Vault
05:44 Scout Tower
05:45 Scout Tower
05:46 Scout Tower
05:49 Scout Tower
06:04 Keep
06:04 Keep
06:04 Keep
06:23 Guard Tower
06:24 Guard Tower
06:24 Guard Tower
06:24 Guard Tower
06:33 Scout Tower
06:34 Scout Tower
06:35 Scout Tower
06:48 Guard Tower
06:49 Guard Tower
06:49 Guard Tower
06:49 Guard Tower
08:00 Guard Tower
08:00 Guard Tower
08:01 Guard Tower
08:07 Guard Tower
08:07 Guard Tower
08:08 Guard Tower
08:22 Blacksmith
08:38 Scout Tower
09:35 Castle
09:35 Castle
09:35 Castle
09:36 Castle
09:39 Gryphon Aviary
09:39 Gryphon Aviary
12:18 Arcane Vault
13:29 Farm
13:30 Farm
13:31 Farm
13:32 Farm
17:53 Farm
17:54 Farm
17:54 Farm
17:55 Farm
21:32 Town Hall
21:43 Scout Tower
21:43 Scout Tower
21:45 Scout Tower
21:45 Scout Tower
21:46 Scout Tower
21:48 Scout Tower
21:49 Scout Tower
» items
| Scroll of Regeneration | 3 | |
| Lesser Clarity Potion | 6 | |
| Scroll of Town Portal | 2 | |
| Staff of Sanctuary | 1 | |
12 total
34828478124 (
pink | 88 APM | 3426 actions | 38:58)
6 Mountain King
3 Storm Bolt
2 Bash
1 Avatar
» actions
| Assign group hotkey | 82 | |
| Basic commands | 284 | |
| Build / train | 219 | |
| ESC pressed | 1 | |
| Enter build submenu | 63 | |
| Enter hero's abilities submenu | 6 | |
| Give item / drop item | 19 | |
| Remove unit from queue | 3 | |
| Right click | 1104 | |
| Select / deselect | 436 | |
| Select group hotkey | 985 | |
| Use ability | 224 | |
3426 total
» units
| Peasant | 17 | |
| Footman | 9 | |
| Dragonhawk Rider | 4 | |
| Gryphon Rider | 5 | |
| Mortar Team | 2 | |
37 total
» upgrades
| Defend | 0 | |
| Masonry | 3 | |
| Lumber Harvesting | 2 | |
| Swords | 3 | |
| Armor | 4 | |
| Animal War Training | 1 | |
| Storm Hammers | 1 | |
| Cloud | 1 | |
| Gunpowder | 3 | |
| Fragmentation Shards | 1 | |
| Plating | 3 | |
| Barrage | 1 | |
23 total
» buildings
| Farm | 12 | |
| Barracks | 1 | |
| Altar of Kings | 1 | |
| Lumber Mill | 1 | |
| Arcane Vault | 2 | |
| Town Hall | 2 | |
| Scout Tower | 31 | |
| Guard Tower | 97 | |
| Keep | 2 | |
| Gryphon Aviary | 5 | |
| Blacksmith | 2 | |
| Castle | 1 | |
| Workshop | 6 | |
163 total
» build order
01:06 Farm
01:07 Barracks
01:09 Altar of Kings
01:11 Farm
01:24 Lumber Mill
01:44 Farm
01:58 Arcane Vault
03:01 Farm
04:11 Town Hall
04:17 Arcane Vault
04:26 Scout Tower
04:27 Scout Tower
04:30 Scout Tower
04:58 Guard Tower
04:58 Guard Tower
04:58 Guard Tower
05:04 Guard Tower
05:05 Guard Tower
05:05 Guard Tower
05:08 Guard Tower
05:08 Guard Tower
05:08 Guard Tower
06:10 Keep
06:10 Keep
06:24 Scout Tower
06:25 Scout Tower
06:27 Scout Tower
06:30 Scout Tower
06:47 Scout Tower
06:49 Scout Tower
07:01 Scout Tower
07:03 Guard Tower
08:51 Gryphon Aviary
08:52 Gryphon Aviary
08:54 Gryphon Aviary
09:17 Blacksmith
09:20 Blacksmith
09:52 Castle
11:02 Guard Tower
11:03 Guard Tower
11:15 Guard Tower
11:15 Guard Tower
11:15 Guard Tower
11:16 Guard Tower
11:16 Guard Tower
11:17 Guard Tower
11:35 Scout Tower
11:36 Scout Tower
11:37 Scout Tower
12:06 Guard Tower
12:07 Guard Tower
12:07 Guard Tower
12:07 Guard Tower
12:07 Guard Tower
12:10 Guard Tower
12:10 Guard Tower
13:23 Guard Tower
13:23 Guard Tower
13:23 Guard Tower
14:00 Farm
17:21 Farm
17:22 Farm
17:22 Farm
17:23 Farm
18:13 Scout Tower
18:14 Scout Tower
18:15 Scout Tower
18:22 Scout Tower
18:47 Guard Tower
18:47 Guard Tower
18:48 Guard Tower
18:48 Guard Tower
18:53 Workshop
18:55 Workshop
19:09 Guard Tower
19:10 Guard Tower
20:15 Workshop
20:17 Workshop
20:23 Workshop
20:25 Workshop
20:44 Gryphon Aviary
20:46 Gryphon Aviary
21:16 Farm
22:00 Farm
22:03 Farm
22:14 Scout Tower
22:16 Scout Tower
22:18 Scout Tower
22:20 Scout Tower
22:29 Town Hall
22:31 Scout Tower
22:33 Scout Tower
22:34 Scout Tower
22:36 Scout Tower
22:38 Scout Tower
22:39 Scout Tower
22:40 Scout Tower
22:43 Guard Tower
22:43 Guard Tower
22:44 Guard Tower
22:44 Guard Tower
22:45 Guard Tower
22:45 Guard Tower
22:50 Guard Tower
22:50 Guard Tower
22:51 Guard Tower
22:51 Guard Tower
22:51 Guard Tower
22:51 Guard Tower
22:52 Guard Tower
23:11 Guard Tower
23:11 Guard Tower
23:11 Guard Tower
23:12 Guard Tower
23:39 Guard Tower
23:39 Guard Tower
23:39 Guard Tower
23:40 Guard Tower
23:42 Guard Tower
23:42 Guard Tower
23:42 Guard Tower
23:47 Guard Tower
23:47 Guard Tower
23:47 Guard Tower
23:47 Guard Tower
28:50 Scout Tower
28:52 Scout Tower
28:53 Scout Tower
29:11 Guard Tower
29:11 Guard Tower
29:11 Guard Tower
29:17 Guard Tower
29:17 Guard Tower
29:17 Guard Tower
29:17 Guard Tower
29:18 Guard Tower
29:18 Guard Tower
» items
| Scroll of Regeneration | 6 | |
| Lesser Clarity Potion | 4 | |
| Scroll of Town Portal | 3 | |
| Ivory Tower | 2 | |
| Potion of Healing | 3 | |
| Staff of Sanctuary | 1 | |
| Orb of Corruption | 1 | |
20 total

»
Call_Me_Caitlyn (
teal | 68 APM | 1635 actions | 24:11)
5 Blood Mage
3 Flame Strike
2 Siphon Mana
4 Archmage
2 Blizzard
2 Brilliance Aura
» actions
| Assign group hotkey | 10 | |
| Basic commands | 391 | |
| Build / train | 82 | |
| Enter build submenu | 35 | |
| Enter hero's abilities submenu | 9 | |
| Give item / drop item | 4 | |
| Remove unit from queue | 3 | |
| Right click | 458 | |
| Select / deselect | 398 | |
| Select group hotkey | 146 | |
| Use ability | 99 | |
1635 total
» units
| Peasant | 19 | |
| Footman | 5 | |
| Sorceress | 5 | |
| Priest | 4 | |
| Spell Breaker | 5 | |
38 total
» upgrades
| Lumber Harvesting | 2 | |
| Sorceress Training | 2 | |
| Priest Training | 2 | |
| Masonry | 1 | |
7 total
» buildings
| Altar of Kings | 1 | |
| Farm | 9 | |
| Barracks | 1 | |
| Lumber Mill | 1 | |
| Scout Tower | 12 | |
| Arcane Vault | 3 | |
| Town Hall | 2 | |
| Arcane Tower | 4 | |
| Guard Tower | 5 | |
| Keep | 1 | |
| Arcane Sanctum | 3 | |
| Castle | 1 | |
| Blacksmith | 2 | |
45 total
» build order
00:22 Altar of Kings
00:29 Farm
00:37 Barracks
00:46 Lumber Mill
01:22 Farm
01:44 Farm
03:44 Scout Tower
03:47 Scout Tower
03:49 Arcane Vault
03:55 Town Hall
04:44 Scout Tower
04:46 Scout Tower
04:48 Arcane Tower
04:53 Guard Tower
05:05 Keep
05:24 Guard Tower
05:25 Arcane Tower
05:39 Farm
08:00 Arcane Sanctum
08:27 Arcane Sanctum
09:56 Castle
09:58 Farm
10:29 Scout Tower
10:31 Scout Tower
12:17 Arcane Tower
12:18 Guard Tower
12:50 Farm
13:04 Blacksmith
13:43 Scout Tower
14:02 Arcane Sanctum
15:20 Arcane Tower
15:21 Scout Tower
15:56 Farm
15:58 Guard Tower
16:00 Farm
17:06 Farm
17:10 Blacksmith
18:55 Arcane Vault
18:59 Arcane Vault
19:00 Scout Tower
19:01 Scout Tower
22:56 Scout Tower
22:57 Guard Tower
22:59 Scout Tower
23:47 Town Hall
» items
| Scroll of Regeneration | 5 | |
| Lesser Clarity Potion | 2 | |
| Scroll of Town Portal | 2 | |
| Orb of Fire | 1 | |
| Potion of Healing | 1 | |
11 total

»
BLAZEFS (
purple | 16 APM | 612 actions | 38:58)
5 Goblin Tinker
3 Pocket Factory
2 Engineering Upgrade
4 Lich
2 Frost Armor
2 Frost Nova
» actions
| Basic commands | 5 | |
| Build / train | 60 | |
| Enter build submenu | 22 | |
| Enter hero's abilities submenu | 8 | |
| Remove unit from queue | 4 | |
| Right click | 206 | |
| Select / deselect | 250 | |
| Use ability | 57 | |
612 total
» units
| Acolyte | 8 | |
| Ghoul | 4 | |
| Crypt Fiend | 5 | |
| Gargoyle | 5 | |
| Obsidian Statue | 6 | |
| Frost Wyrm | 2 | |
30 total
» upgrades
| Creature Attack | 3 | |
| Web | 1 | |
| Creature Carapace | 1 | |
| Freezing Breath | 1 | |
6 total
» buildings
| Altar of Darkness | 1 | |
| Ziggurat | 9 | |
| Crypt | 2 | |
| Graveyard | 1 | |
| Halls of the Dead | 1 | |
| Tomb of Relics | 1 | |
| Black Citadel | 1 | |
| Spirit Tower | 2 | |
| Nerubian Tower | 1 | |
| Slaughterhouse | 1 | |
| Sacrificial Pit | 1 | |
| Boneyard | 2 | |
23 total
» build order
00:08 Altar of Darkness
00:15 Ziggurat
00:40 Crypt
01:25 Crypt
01:37 Ziggurat
02:30 Ziggurat
02:42 Graveyard
04:01 Halls of the Dead
04:08 Tomb of Relics
07:18 Ziggurat
07:22 Black Citadel
08:02 Ziggurat
08:08 Ziggurat
11:03 Ziggurat
11:07 Spirit Tower
11:09 Nerubian Tower
11:23 Slaughterhouse
12:13 Ziggurat
12:21 Spirit Tower
13:58 Sacrificial Pit
17:21 Boneyard
18:55 Boneyard
22:11 Ziggurat
» items
| Potion of Healing | 2 | |
| Sacrificial Skull | 1 | |
| Scroll of Town Portal | 1 | |
4 total
team 2 (loser)

»
redskins (
red | 48 APM | 863 actions | 18:01)
4 Archmage
2 Summon Water Elemental
2 Brilliance Aura
» actions
| Assign group hotkey | 22 | |
| Basic commands | 30 | |
| Build / train | 111 | |
| Enter build submenu | 24 | |
| Enter hero's abilities submenu | 4 | |
| Remove unit from queue | 4 | |
| Right click | 260 | |
| Select / deselect | 231 | |
| Select group hotkey | 106 | |
| Use ability | 71 | |
863 total
» units
| Peasant | 54 | |
| Footman | 13 | |
| Spell Breaker | 2 | |
| Knight | 6 | |
75 total
» upgrades
| Defend | 1 | |
| Lumber Harvesting | 1 | |
| Animal War Training | 1 | |
| Control Magic | 1 | |
4 total
» buildings
| Farm | 5 | |
| Altar of Kings | 1 | |
| Barracks | 2 | |
| Arcane Vault | 3 | |
| Scout Tower | 6 | |
| Arcane Tower | 1 | |
| Keep | 2 | |
| Town Hall | 1 | |
| Lumber Mill | 1 | |
| Guard Tower | 4 | |
| Castle | 4 | |
| Arcane Sanctum | 1 | |
| Blacksmith | 1 | |
32 total
» build order
00:13 Farm
00:15 Farm
00:54 Altar of Kings
01:08 Barracks
01:24 Arcane Vault
01:32 Scout Tower
02:35 Arcane Tower
03:05 Farm
03:07 Farm
04:39 Keep
04:39 Keep
05:15 Town Hall
05:44 Scout Tower
05:46 Scout Tower
06:07 Farm
06:12 Lumber Mill
06:45 Guard Tower
07:38 Castle
07:39 Castle
07:39 Castle
07:39 Castle
08:23 Barracks
08:28 Arcane Sanctum
10:07 Scout Tower
10:49 Guard Tower
11:14 Blacksmith
14:04 Scout Tower
14:05 Scout Tower
14:11 Arcane Vault
14:13 Arcane Vault
14:34 Guard Tower
» items
| Scroll of Regeneration | 4 | |
| Scroll of Town Portal | 2 | |
| Orb of Fire | 1 | |
| Lesser Clarity Potion | 1 | |
8 total
LikeURDaWorst (
yellow | 56 APM | 2184 actions | 38:58)
10 Blademaster
3 Wind Walk
3 Critical Strike
1 Bladestorm
3 Mirror Image
» actions
| Assign group hotkey | 58 | |
| Basic commands | 92 | |
| Build / train | 102 | |
| Enter build submenu | 38 | |
| Enter hero's abilities submenu | 10 | |
| Give item / drop item | 13 | |
| Remove unit from queue | 1 | |
| Right click | 1045 | |
| Select / deselect | 382 | |
| Select group hotkey | 211 | |
| Use ability | 232 | |
2184 total
» units
| Peon | 18 | |
| Grunt | 4 | |
| Troll Witch Doctor | 1 | |
| Demolisher | 2 | |
| Troll Batrider | 8 | |
| Wind Rider | 5 | |
38 total
» upgrades
| Reinforced Defenses | 1 | |
| Ranged Weapons | 3 | |
| Burning Oil | 1 | |
| Liquid Fire | 1 | |
| Armor | 3 | |
| Troll Regeneration | 1 | |
| Envenomed Spears | 1 | |
11 total
» buildings
| Orc Burrow | 3 | |
| Altar of Storms | 1 | |
| Barracks | 4 | |
| Voodoo Lounge | 4 | |
| Stronghold | 1 | |
| War Mill | 2 | |
| Great Hall | 2 | |
| Watch Tower | 16 | |
| Fortress | 1 | |
| Spirit Lodge | 1 | |
| Beastiary | 4 | |
39 total
» build order
00:12 Orc Burrow
00:52 Altar of Storms
00:53 Barracks
01:05 Orc Burrow
01:53 Voodoo Lounge
01:59 Voodoo Lounge
02:50 Stronghold
03:59 War Mill
04:40 Great Hall
05:16 Orc Burrow
06:16 Watch Tower
06:16 Watch Tower
06:17 Watch Tower
06:17 Watch Tower
07:00 Watch Tower
07:01 Watch Tower
08:11 Fortress
09:34 Watch Tower
09:34 Watch Tower
09:35 Watch Tower
09:35 Watch Tower
09:36 Watch Tower
10:23 Voodoo Lounge
11:01 Voodoo Lounge
11:03 Spirit Lodge
13:31 Barracks
13:32 Barracks
13:32 Barracks
13:40 War Mill
17:01 Beastiary
17:02 Beastiary
17:02 Beastiary
17:03 Beastiary
28:19 Great Hall
28:24 Watch Tower
28:25 Watch Tower
28:25 Watch Tower
28:26 Watch Tower
» items
| Healing Salve | 6 | |
| Potion of Healing | 11 | |
| Potion of Mana | 10 | |
| Scroll of Town Portal | 4 | |
| Lesser Clarity Potion | 6 | |
| Orb of Lightning | 1 | |
38 total
GROCERYBOY. (
blue | 55 APM | 1903 actions | 34:27)
4 Blademaster
2 Wind Walk
2 Critical Strike
3 Shadow Hunter
2 Hex
1 Healing Wave
» actions
| Assign group hotkey | 37 | |
| Basic commands | 40 | |
| Build / train | 66 | |
| Enter build submenu | 22 | |
| Enter hero's abilities submenu | 7 | |
| Right click | 801 | |
| Select / deselect | 229 | |
| Select group hotkey | 600 | |
| Use ability | 101 | |
1903 total
» units
| Peon | 12 | |
| Wind Rider | 5 | |
| Troll Batrider | 25 | |
| Raider | 1 | |
43 total
» upgrades
| Reinforced Defenses | 1 | |
| Ranged Weapons | 2 | |
| Armor | 1 | |
| Envenomed Spears | 1 | |
5 total
» buildings
| Altar of Storms | 1 | |
| Orc Burrow | 6 | |
| War Mill | 1 | |
| Voodoo Lounge | 2 | |
| Stronghold | 1 | |
| Watch Tower | 17 | |
| Beastiary | 3 | |
| Fortress | 2 | |
| Great Hall | 1 | |
34 total
» build order
00:07 Altar of Storms
00:20 Orc Burrow
00:39 War Mill
01:24 Voodoo Lounge
02:24 Stronghold
02:44 Orc Burrow
02:45 Orc Burrow
03:14 Watch Tower
03:22 Watch Tower
03:23 Watch Tower
04:00 Watch Tower
04:00 Watch Tower
04:38 Watch Tower
05:03 Beastiary
05:44 Beastiary
06:08 Orc Burrow
08:12 Fortress
08:12 Fortress
08:39 Watch Tower
08:42 Watch Tower
09:46 Watch Tower
09:47 Watch Tower
10:23 Great Hall
10:54 Watch Tower
11:40 Orc Burrow
12:37 Beastiary
13:35 Orc Burrow
13:48 Watch Tower
13:48 Watch Tower
13:49 Watch Tower
13:50 Watch Tower
13:59 Voodoo Lounge
» items
| Healing Salve | 2 | |
| Lesser Clarity Potion | 1 | |
| Scroll of Town Portal | 2 | |
| Orb of Lightning | 1 | |
6 total
CWSbaseball (
orange | 32 APM | 1246 actions | 38:58)
4 Warden
2 Fan of Knives
1 Blink
1 Shadow Strike
1 Archmage
1 Blizzard
» actions
| Assign group hotkey | 42 | |
| Basic commands | 17 | |
| Build / train | 39 | |
| Enter build submenu | 19 | |
| Enter hero's abilities submenu | 5 | |
| Right click | 424 | |
| Select / deselect | 285 | |
| Select group hotkey | 365 | |
| Use ability | 50 | |
1246 total
» units
| Wisp | 12 | |
| Archer | 1 | |
| Huntress | 7 | |
| Dryad | 6 | |
| Glaive Thrower | 1 | |
27 total
» upgrades
| Strength of the Wild | 2 | |
| Abolish Magic | 1 | |
| Vorpal Blades | 1 | |
4 total
» buildings
| Altar of Elders | 2 | |
| Moon Well | 7 | |
| Ancient of War | 2 | |
| Hunter's Hall | 1 | |
| Tree of Ages | 1 | |
| Ancient of Lore | 2 | |
| Tree of Eternity | 1 | |
| Tree of Life | 2 | |
| Altar of Kings | 1 | |
19 total
» build order
00:20 Altar of Elders
00:34 Moon Well
00:49 Ancient of War
02:03 Hunter's Hall
02:32 Ancient of War
02:55 Moon Well
03:59 Tree of Ages
04:30 Moon Well
05:25 Moon Well
06:54 Moon Well
07:19 Ancient of Lore
07:22 Ancient of Lore
07:42 Tree of Eternity
13:16 Moon Well
14:13 Moon Well
23:43 Tree of Life
25:07 Tree of Life
26:18 Altar of Kings
27:15 Altar of Elders
Chat log
(00:55 / All) GROCERYBOY.: RG3 redskins #1
(00:58 / All) GROCERYBOY.: go red!
(01:01 / All) Call_Me_Caitlyn: fuck that
(01:04 / All) CWSbaseball: they suck'
(01:13 / All) Call_Me_Caitlyn: RG3 hahahahahahaha
(01:17 / All) GROCERYBOY.: would u take luck over rg3 still?
(01:22 / All) CWSbaseball: hell yeah
(01:30 / All) Call_Me_Caitlyn: hell yeah
(01:35 / All) LikeURDaWorst: RG3 has so much upside and a room brightening smile!
(01:43 / All) CWSbaseball: lol
(02:03 / All) Call_Me_Caitlyn: i cant think of any upside
(02:05 / All) GROCERYBOY.: but not luck over wilson? rg3 over wilson maybe
(02:09 / All) LikeURDaWorst: he's so explosive
(02:15 / All) Call_Me_Caitlyn: luck over wilson
(02:20 / All) GROCERYBOY.: yellow being sarcastic lawl
(02:23 / All) Call_Me_Caitlyn: no doubt
(02:55 / All) GROCERYBOY.: dis map needs a shredder and shop
(03:13 / All) 34828478124: I like how it has neither for a change
(03:27 / All) 34828478124: this map is like golems, but good
(04:05 / All) GROCERYBOY.: green is such a hacker
(04:33 / All) GROCERYBOY.: does every fucker in this game hack
(04:42 / All) LikeURDaWorst: pretty much
(05:02 / All) Call_Me_Caitlyn: does every nooby complain about hackers?
(06:23 / Allies) GROCERYBOY.: i wan tto hit green expo
(06:25 / Allies) GROCERYBOY.: soon
(06:27 / Allies) GROCERYBOY.: in 3 min
(06:44 / All) GROCERYBOY.: hey dipshit ur ally is hacking its so obvious
(06:45 / All) GROCERYBOY.: y dont u tk him
(07:03 / Allies) GROCERYBOY.: meet at my base
(07:06 / All) Call_Me_Caitlyn: shut it noob
(07:51 / All) Call_Me_Caitlyn: hahahahahahahahahaha
(07:53 / All) CWSbaseball: lol
(07:56 / Allies) LikeURDaWorst: misclicked
(07:59 / All) 34828478124: Teal thinks that claws are better on his bm rather than my mk
(08:00 / Allies) LikeURDaWorst: got his hero anyway
(08:04 / All) 34828478124: but I doubt he knows how to utilise bm properly
(09:30 / All) GROCERYBOY.: fuck u hacker
(10:51 / Allies) CWSbaseball: ty
(11:14 / All) LikeURDaWorst: MURLOC NIGHTCRAWLLER
(11:17 / All) LikeURDaWorst: who seen that movie
(11:43 / Allies) redskins: wtf blue
(13:12 / Allies) GROCERYBOY.: come hit green agian
(13:16 / Allies) LikeURDaWorst: teal hacks
(13:39 / All) CWSbaseball: lol
(13:52 / Allies) LikeURDaWorst: shop by your expo
(14:41 / All) LikeURDaWorst: thunderclap loll
(14:54 / All) 34828478124: lawl who has thunderclap
(14:58 / All) GROCERYBOY.: green
(14:59 / All) LikeURDaWorst: green
(15:00 / All) GROCERYBOY.: the hacker
(15:02 / All) 34828478124: LOL
(15:50 / Allies) CWSbaseball: tp
(15:52 / Allies) CWSbaseball: tp
(16:02 / All) 34828478124: nice tp red
(16:04 / Allies) redskins: wtf guys
(17:58 / Allies) redskins: wtf blue
(19:43 / All) GROCERYBOY.: faggot helping him hack
(21:05 / All) LikeURDaWorst: sup bitch lol
(21:43 / Allies) LikeURDaWorst: focus heroes
(21:45 / Allies) LikeURDaWorst: he has no tp
(22:42 / All) GROCERYBOY.: i be gone for 5 min and my expo is gone
(23:22 / All) GROCERYBOY.: ur a faggo t teal
(24:16 / All) CWSbaseball: is pink tk
(24:20 / All) LikeURDaWorst: omg
(24:22 / All) 34828478124: yes
(24:25 / All) BLAZEFS: yup
(24:25 / All) LikeURDaWorst: I clicked on the fucking lich
(24:27 / All) LikeURDaWorst: but it didn't attack it
(24:28 / All) GROCERYBOY.: leave faggot hacker green
(24:34 / All) 34828478124: hackers lose
(24:36 / All) LikeURDaWorst: shit like that pisses me off
(25:00 / All) BLAZEFS: green plan??
(25:05 / All) BLAZEFS: pink tk
(25:22 / All) BLAZEFS: why pink why???
(25:27 / All) 34828478124: Green is a hacker
(25:29 / All) 34828478124: He must lose
(25:35 / All) BLAZEFS: how you know
(25:36 / All) GROCERYBOY.: ur ally hacks
(25:39 / All) BLAZEFS: kill him
(25:45 / All) BLAZEFS: not me
(25:54 / All) 34828478124: You have to die for him to lose
(26:12 / All) BLAZEFS: how you know he hacked??
(26:24 / All) GROCERYBOY.: "watch replay
(26:47 / All) BLAZEFS: and how can you tell?
(26:55 / All) 34828478124: hackers are easy to spot
(27:04 / All) BLAZEFS: tell me so i know!!!!
(27:51 / All) 34828478124: he hit at the perfect times
(27:54 / All) 34828478124: and knew when he was being creepjacked
(28:23 / All) BLAZEFS: so killing me is justice
(28:27 / All) 34828478124: yes
(28:30 / All) 34828478124: killing my entire team
(28:32 / All) 34828478124: including myself
(28:36 / All) GROCERYBOY.: HEY RETARD PURPLE HOW ABOUT U TK UR HACKING ALLIES
(28:54 / All) BLAZEFS: how do i know you didnt hack fucking blue
(29:17 / All) BLAZEFS: seems like this was the plan from beginning
(29:31 / All) 34828478124: TRAPPED GREEN
(29:33 / All) 34828478124: UR HERO IS PRISONER
(29:49 / All) 34828478124: you are my prisoner now green
(29:51 / All) 34828478124: how does it feel?
(29:59 / All) 34828478124: hacker hero trapped!!!
(30:03 / All) BLAZEFS: dude pink i think you handled this wrong
(30:18 / All) 34828478124: you can divine shield if you want but it won't do you good
(30:47 / Allies) LikeURDaWorst: why was your shit folllowing me
(30:47 / Allies) LikeURDaWorst: lol
(31:04 / Allies) GROCERYBOY.: oh when uw ere fighting teals casters i put him on u
(31:21 / All) BLAZEFS: so kknow can you win??
(31:24 / All) BLAZEFS: he left
(31:26 / All) BLAZEFS: wtf
(31:38 / All) 34828478124: Aight
(31:39 / All) 34828478124: Purple
(31:41 / All) 34828478124: Here's the plan
(31:42 / All) BLAZEFS: dude now you can win
(31:48 / All) 34828478124: I'm going to give you an equal chance of victory
(31:54 / All) 34828478124: You and orange can compete in a Mexican standoff
(31:58 / All) 34828478124: Every unit is going to die on this map
(32:04 / All) 34828478124: and only buildings will remain with no way to build
(32:10 / All) 34828478124: The last one to leave, leaves victorious, sound fair?
(32:12 / All) CWSbaseball: yellow why
(32:18 / All) 34828478124: Will you leave your PC on all night for the win?
(32:21 / All) 34828478124: orange, purple?
(32:24 / All) CWSbaseball: yellow why
(32:27 / Allies) CWSbaseball: yellow why
(32:29 / All) LikeURDaWorst: et tu, brute?
(32:34 / All) 34828478124: Orange I just explained the rules
(32:37 / All) 34828478124: Pay attention asshole
(32:38 / All) 34828478124: I said why
(32:45 / Allies) CWSbaseball: you killed our heroes lol
(32:55 / All) BLAZEFS: bro looked like this was yuor plan from beginning
(33:07 / All) BLAZEFS: mexican standouff??? really nigga
(33:08 / All) 34828478124: Nah this was opportunistic
(33:12 / All) 34828478124: I just met yellow
(33:21 / All) 34828478124: we arranged this in whispers
(34:04 / All) BLAZEFS: i dont really care about the win
(34:12 / All) 34828478124: so you won't leave your pc on all night for it?
(34:13 / All) BLAZEFS: i just wanted to play fair thats all
(34:24 / All) GROCERYBOY.: watching ekntucky derby ggg
(34:26 / All) BLAZEFS: tired of my own team kills and hacking or whatever
(34:39 / All) CWSbaseball: its blackhawks time
(34:46 / All) 34828478124: Orange, purp
(34:51 / All) 34828478124: will you leave your pcs on all night?
(35:00 / All) BLAZEFS: ye ima go watch the office or something on my phone
(35:02 / All) CWSbaseball: yep
(35:04 / All) BLAZEFS: lol will you
(35:14 / All) BLAZEFS: i have much tech to keep me busy
(35:20 / All) 34828478124: Good boy
(35:39 / All) BLAZEFS: just dont know what you get out of this
(36:32 / All) 34828478124: forgot teal's farms
(37:25 / All) BLAZEFS: bro this was yyour plan the whole time]
(37:32 / All) BLAZEFS: waht you think orange?
(37:39 / All) CWSbaseball: idk
(37:50 / All) LikeURDaWorst: are you big into conspiracy theories?
(37:55 / All) 34828478124: We just met
(37:59 / All) LikeURDaWorst: I bet you think 9/11 was an inside job
(38:03 / All) CWSbaseball: lol
(38:05 / All) LikeURDaWorst: You're a crackpot!
(38:26 / All) BLAZEFS: coming from the guy who really is the worst
(38:28 / All) BLAZEFS: lmao
(38:38 / All) LikeURDaWorst: I raped you easy and often
(38:41 / All) LikeURDaWorst: You didn't put up much fight
(38:48 / All) 34828478124: don't worry you and orange will have plenty of time to talk about issues like this during your standoff
(38:48 / All) LikeURDaWorst: I think you liked it
(38:49 / All) BLAZEFS: nigga
(38:52 / All) BLAZEFS: i had you
(38:56 / All) LikeURDaWorst: good luck gentlemen